 Dungeon Crawl Stone Soup version 0.27.1-15-g792fb953b9 (webtiles) character file.

Game seed: 15837652901586634205

32 Descartes the Sneak (level 3, 0/19 HPs)
             Began as a Spriggan Delver on Nov 19, 2021.
             Slain by a human zombie (4 damage)
             ... on level 4 of the Dungeon.
             The game lasted 00:01:13 (264 turns).

Descartes the Sneak (Spriggan Delver)                Turns: 264, Time: 00:01:14

Health: 0/19       AC:  2    Str:  9    XL:     3   Next: 10%
Magic:  4/4        EV: 18    Int: 11    God:
Gold:   18         SH:  0    Dex: 16    Spells: 2/2 levels left

rFire    . . .     SeeInvis +   a - +0 short sword
rCold    . . .     Faith    .   (shield restricted)
rNeg     . . .     Spirit   .   b - +0 robe
rPois    .         Reflect  .   (helmet restricted)
rElec    .         Harm     .   (no cloak)
rCorr    .         Rampage  .   (gloves unavailable)
Will     .....                  (boots unavailable)
Stlth    ++++......             (no amulet)
HPRegen  0.06/turn              (no ring)
MPRegen  0.09/turn              (no ring)

@: very quick
A: very small, no large weapons, unfitting armour, see invisible, speed 3
a: no special abilities


You were on level 4 of the Dungeon.
You visited 1 branch of the dungeon, and saw 2 of its levels.

You collected 18 gold pieces.

Inventory:

Hand Weapons
 a - a +0 short sword (weapon)
Armour
 b - a +0 robe (worn)
Wands
 g - a wand of digging (3)
Scrolls
 c - a scroll of fog
 d - 2 scrolls of magic mapping
 e - a scroll of fear
Potions
 f - a potion of haste


   Skills:
 - Level 2.4 Fighting
 + Level 2.9 Short Blades
 + Level 3.5 Dodging
 - Level 7.7 Stealth


You had 2 spell levels left.
You didn't know any spells.
Your spell library was empty.

Dungeon Overview and Level Annotations

Branches:
Dungeon (5/15)
 Temple: D:4-7

Altars:


Innate Abilities, Weirdness & Mutations

You are very small and have problems with some larger weapons.
You are too small for most types of armour.
You have supernaturally acute eyesight. (SInv)
You cover ground extremely quickly. (Speed+++)


Message History

You open the door. You open the door.
There is an open door here.
You open the door.
A human zombie comes into view.
There is an open door here.
The helpless human zombie fails to defend itself.
You impale the human zombie!!
The human zombie is heavily damaged.
You hit the human zombie.
The human zombie is heavily damaged.
The human zombie hits you.
You hit the human zombie.
The human zombie is heavily damaged.
The human zombie hits you.
You hit the human zombie.
The human zombie is severely damaged.
The human zombie misses you.
You hit the human zombie but do no damage.
The human zombie is severely damaged.
The human zombie misses you.
You hit the human zombie but do no damage.
The human zombie is severely damaged.
You hit the human zombie.
The human zombie is severely damaged.
The human zombie hits you.
You hit the human zombie.
The human zombie is severely damaged.
The human zombie hits you but does no damage.
You hit the human zombie.
The human zombie is almost destroyed.
The human zombie hits you!
* * * LOW HITPOINT WARNING * * *
You are too injured to fight recklessly!
You hit the human zombie.
The human zombie is almost destroyed.
You hit the human zombie but do no damage.
The human zombie is almost destroyed.
The human zombie hits you.
You die...

### #Z#
#@#+#+#
####.'...+
#..###...#
#..#.'...+
#..###'#+#
#..'...#
##.######
+.)..'.#
#....####


You could see a human zombie.

Vanquished Creatures
  An orc priest (D:5)
  An orc (D:5)
  A goblin (D:4)
  An orc zombie (D:4)
4 creatures vanquished.

Notes
Turn   | Place    | Note
-------+----------+-------------------------------------------
     0 | D:5      | Descartes the Spriggan Delver began the quest for the Orb.
     0 | D:5      | Reached XP level 1. HP: 11/11 MP: 2/2
    11 | D:5      | Noticed an orc priest
    22 | D:5      | Killed an orc priest
    23 | D:5      | Reached XP level 2. HP: 6/16 MP: 3/3
    23 | D:5      | Reached XP level 3. HP: 7/19 MP: 4/4
   215 | D:5      | Noticed an orc warrior
   264 | D:4      | Slain by a human zombie

Illustrated notes

Levels and vault maps discovered:
D:4:      layout_basic, kennysheep_ying_yang, kennysheep_little_box,
          lemuel_crystal_altar, nicolae_ossuary_entry_catacombs,
          corexii_item_surrounded_by_moat
D:5:      layout_loops_ring, uniq_crazy_yiuf_cottage, uniq_edmund

Skill      XL: |  1 |
---------------+----+-----
Dodging        | 3 |  3.5
Fighting       | |  2.4
Short Blades   | |  2.9
Stealth        | |  7.7

Action                   || total
-------------------------++-------
Melee: Short sword       ||    26
 Stab: Sleeping          ||     1
Armor: Robe              ||     1
Dodge: Dodged            ||    11
